 Dungeon Crawl Stone Soup version 0.21-a0-529-g8c7b3f5 (webtiles) character file.

504 KristoblXynda the Ducker (level 7, 0/76 HPs)
             Began as a Barachi Gladiator on Dec 10, 2017.
             Slain by Pikel
             ... wielding a +2 whip of electrocution
              (4 damage)
             ... on level 4 of the Dungeon.
             The game lasted 00:05:55 (3488 turns).

KristoblXynda the Ducker (Barachi Gladiator)        Turns: 3488, Time: 00:05:56

Health: 0/76       AC: 23    Str: 20    XL:     7   Next: 17%
Magic:  7/7        EV:  2    Int: 11    God:
Gold:   130        SH:  0    Dex: 13    Spells: 6/6 levels left

rFire    + . .     SeeInvis .   a - +0 war axe
rCold    + . .     Gourm    .   (no shield)
rNeg     + + +     Faith    .   (armour currently unavailable)
rPois    +         Spirit   .   (helmet currently unavailable)
rElec    +         Reflect  .   (cloak currently unavailable)
rCorr    +         Harm     .   (gloves currently unavailable)
MR       .....     NoTele   +   (boots currently unavailable)
Stlth    +.........             (no amulet)
HPRegen  0.22/turn              (no ring)
MPRegen  0.10/turn              (no ring)

@: mighty, tree-form, resistant
A: +LOS, swims
a: no special abilities


You were on level 4 of the Dungeon.
You were very hungry.
You were a tree.
You visited 1 branch of the dungeon, and saw 4 of its levels.

You collected 130 gold pieces.

Inventory:

Hand Weapons
 a - a +0 war axe (weapon)
Missiles
 d - 3 throwing nets (quivered)
Armour
 c - a +0 helmet (melded)
 j - a +1 pair of boots (melded)
 l - a +1 pair of gloves (melded)
 p - a +3 ring mail (melded)
Scrolls
 b - a scroll of remove curse {unknown}
 e - 2 scrolls of teleportation {unknown}
 g - a scroll of enchant armour
 m - a scroll of fog {unknown}
 n - 2 scrolls of amnesia {unknown}
 w - a scroll of noise {unknown}
 x - a scroll of fear {unknown}
 y - a scroll of magic mapping {unknown}
 A - a scroll of immolation {unknown}
Potions
 h - 3 potions of mutation
 i - a potion of agility
 k - a potion of curing
 q - a potion of might
 r - a potion of brilliance
 t - a potion of lignification
Comestibles
 f - 6 bread rations
 u - a royal jelly


   Skills:
 - Level 2.4 Fighting
 + Level 5.6 Axes
 - Level 2.0 Throwing
 + Level 4.8 Armour
 + Level 5.7 Dodging


You had 6 spell levels left.
You didn't know any spells.

Dungeon Overview and Level Annotations

Branches:
Dungeon (4/15)
 Temple: D:4-7

Altars:
Fedhas
Makhleb
Vehumet

Shops:
D:4 (%(

Annotations:
D:4 Pikel


Innate Abilities, Weirdness & Mutations

Shadows flee at your approach. (+LOS)
You can swim through water.
((You cover ground slowly.))
((You can hop short distances.))


Message History

You closely miss Pikel.
Pikel is lightly wounded.
Pikel hits you but does no damage.
You are electrocuted!
You hit Pikel.
Pikel is lightly wounded.
Pikel hits you but does no damage.
You are electrocuted!
* * * LOW HITPOINT WARNING * * *
You closely miss Pikel.
Pikel is lightly wounded.
Pikel hits you but does no damage.
You are electrocuted!
* * * LOW HITPOINT WARNING * * *
Pikel hits you but does no damage.
You slash Pikel!
Pikel is moderately wounded.
Pikel hits you but does no damage.
Unknown command.
It was a potion of resistance.
You feel protected.
You are ready to hop once more.
Pikel hits you with a whip of electrocution.
You die...

#..........#
###.......[..#
####............#
#####....#..........#
###.....####..........#
....##### #>.........#
##### #####.###### #.#
#♣# #K# #p#
######Y######
##.....pa....##
##......p.>....##
#...............#
#.###.###.......#
###≈#'#≈##......#


You could see Pikel, an ice beast, 3 slaves and a worker ant.

Vanquished Creatures
  A slave (D:4)
  An ogre (D:4)
  The ghost of zero the Covert, an amateur SpEn (D:4)
  A scorpion (D:3)
  A quasit (D:4)
  2 hounds
  A worker ant (D:3)
  Robin (D:4)
  3 gnolls (D:4)
  8 adders
  A worm (D:2)
  A dart slug (D:3)
  A leopard gecko (D:3)
  2 orcs (D:3)
  4 giant cockroaches
  19 goblins
  11 hobgoblins
  2 quokkas (D:3)
  4 ball pythons
  7 bats
  2 frilled lizards
  6 kobolds
  9 rats
89 creatures vanquished.

Notes
Turn   | Place    | Note
-------+----------+-------------------------------------------
     0 | D:1      | KristoblXynda the Barachi Gladiator began the quest for the Orb.
     0 | D:1      | Reached XP level 1. HP: 17/17 MP: 1/1
    51 | D:1      | Reached XP level 2. HP: 17/23 MP: 2/2
    75 | D:1      | Reached skill level 1 in Armour
   440 | D:1      | Reached XP level 3. HP: 23/28 MP: 3/3
   994 | D:2      | Reached XP level 4. HP: 29/34 MP: 4/4
  1785 | D:3      | Reached XP level 5. HP: 37/39 MP: 5/5
  2322 | D:3      | Found a faded altar of an unknown god.
  2564 | D:3      | Found a burning altar of Makhleb.
  2671 | D:4      | Found Luurig's Weapon Emporium.
  2671 | D:4      | Noticed Robin
  2709 | D:3      | Reached XP level 6. HP: 35/46 MP: 6/6
  2882 | D:4      | Killed Robin
  2882 | D:4      | Reached skill level 5 in Axes
  2882 | D:4      | Reached skill level 5 in Dodging
  2953 | D:4      | Found Ridedo's Food Shop.
  3060 | D:4      | Noticed zero's ghost (amateur SpEn)
  3100 | D:4      | Killed zero's ghost
  3175 | D:4      | Reached XP level 7. HP: 26/51 MP: 7/7
  3178 | D:4      | Found Riele's Weapon Shoppe.
  3444 | D:4      | Found a blossoming altar of Fedhas.
  3444 | D:4      | Found a radiant altar of Vehumet.
  3465 | D:4      | Noticed Pikel
  3488 | D:4      | Slain by Pikel

Vault maps used:
D:1:      sevenhm_arrival_forest_fort_small_6, item_on_display_a
D:3:      chequers_ecumenical_altar_simple, makhleb_blood_cavern_becter
D:4:      gammafunk_temple_overflow_elements, serial_shops, shop,
          nicolae_shop_waterfront, nicolae_shop_stone, uniq_robin, uniq_pikel

Skill      XL: |  1  2  3  4  5  6 |
---------------+-------------------+-----
Armour         | 1 2 3 4 |  4.8
Axes           | 4 5 |  5.6
Dodging        | 4 5 |  5.7
Fighting       | |  2.4
Throwing       | |  2.0

Action                   |  1- 3 |  4- 6 |  7- 9 || total
-------------------------+-------+-------+-------++-------
Melee: War axe           |   101 |   230 |    14 ||   345
Throw: Tomahawk          |       |     2 |     1 ||     3
 Abil: Hop               |       |       |     1 ||     1
  Use: Scroll            |       |     5 |     2 ||     7
       Potion            |       |     4 |     3 ||     7
  Eat: Royal jelly       |     1 |       |       ||     1
       Chunk             |       |     7 |       ||     7
Armor: Leather armour    |    20 |       |       ||    20
       Ring mail         |    27 |   117 |     2 ||   146
       Skin              |       |       |     9 ||     9
Dodge: Dodged            |    77 |   163 |     2 ||   242

Table legend:
 A = Spawn XP
 B = Non-spawn XP
 C = Spawn XP percentage of total XP
 D = Spawn monster count
 E = Non-spawn monster count
 F = Spawn count percentage of total count
 G = Total turns spent on level
                    A         B        C        D         E        F      G
               +---------+---------+-------+---------+---------+-------+---------
         Total |       0 |     720 |   0.0 |       0 |      88 |   0.0 |  3488
               +---------+---------+-------+---------+---------+-------+---------
           D:1 |       0 |      36 |   0.0 |       0 |      23 |   0.0 |   548
           D:2 |       0 |      86 |   0.0 |       0 |      15 |   0.0 |   900
           D:3 |       0 |     202 |   0.0 |       0 |      29 |   0.0 |  1418
           D:4 |       0 |     396 |   0.0 |       0 |      21 |   0.0 |   622
               +---------+---------+-------+---------+---------+-------+---------
